 Dungeon Sprint DCSS version 0.23.2-11-gf996548 (webtiles) character file.

Game seed: 8964235952660172694

22477 Fang the Warrior (level 13, -4/144 HPs)
             Began as a Gargoyle Berserker on May 7, 2019.
             Was the Champion of Trog.
             Killed from afar by a shadow dragon (9 damage)
             ... with a bolt of negative energy
             ... in the Dungeon (Sprint VII: "The Pits") on June 6, 2019.
             The game lasted 00:07:04 (2731 turns).

Fang the Warrior (Gargoyle Berserker)               Turns: 2731, Time: 00:07:05

Health: -4/144     AC: 33    Str: 34    XL:     13   Next: 0%
Magic:  13/13      EV: 15    Int: 11    God:    Trog [******]
Gold:   47         SH:  0    Dex: 12    Spells: 12/12 levels left

rFire    + . .     SeeInvis .   n - +11 executioner's axe of Sin {protect, rF+ MR++ Dex+3}
rCold    . . .     Gourm    .   (shield currently unavailable)
rNeg     + . .     Faith    .   m - +2 plate armour
rPois    ∞         Spirit   .   q - +0 hat {Int+3}
rElec    +         Reflect  .   (no cloak)
rCorr    .         Harm     .   (no gloves)
MR       ++...     NoTele   +   (no boots)
Stlth    ..........             (no amulet)
HPRegen  0.34/turn              A - +5 ring of protection
MPRegen  0.13/turn              t - +3 ring of strength

@: berserking (expiring), corroded, protection aura, lightly drained, very quick
A: negative energy resistance 1, screaming 1, electricity resistance,
unbreathing, petrification resistance, rot immunity, AC +9
a: Berserk, Trog's Hand, Brothers in Arms, Renounce Religion


You were in the Dungeon.
You worshipped Trog.
Trog was exalted by your worship.
You were very hungry.

You visited 1 branch You collected 47 gold pieces.

Inventory:

Hand Weapons
 g - a +1 antimagic executioner's axe
 j - a +1 antimagic battleaxe
 n - the +11 executioner's axe of Sin (weapon) {protect, rF+ MR++ Dex+3}
   (Trog gifted it to you in the Dungeon)

   It protects the one who uses it against injury (+AC on strike).
   It affects your dexterity (+3).
   It protects you from fire.
   It affects your resistance to hostile enchantments.
 o - a +4 battleaxe of venom
 p - a +6 antimagic battleaxe
 s - a +3 battleaxe of flaming
 u - a +2 war axe of chopping
 v - a +0 battleaxe of chopping
Armour
 m - a +2 plate armour (worn)
 q - a +0 hat of intelligence (worn)
Jewellery
 t - a +3 ring of strength (right hand)
 A - a +5 ring of protection (left hand)
Wands
 y - a wand of digging (6)
 D - a wand of acid (7)
Scrolls
 i - 3 scrolls of blinking
 k - 4 scrolls of remove curse
 l - a scroll of summoning
 w - 4 scrolls of fear
 x - 2 scrolls of enchant weapon
 B - a scroll of magic mapping
 C - a scroll of identify
Potions
 a - 2 potions of invisibility
 d - 15 potions of curing
 e - 12 potions of heal wounds
 f - 2 potions of haste
 h - 6 potions of berserk rage
 r - 2 potions of agility
 z - a potion of might
Comestibles
 c - 9 rations


   Skills:
 + Level 17.6(17.2) Fighting
 + Level 15.2(14.8) Axes
 + Level 17.4(17.1) Armour
 + Level 14.0(13.6) Dodging


You had 12 spell levels left.
You didn't know any spells.
Your spell library was empty.

Dungeon Overview and Level Annotations

Branches:
Dungeon (1/1)

Altars:


Innate Abilities, Weirdness & Mutations

You are resistant to torment.
Your stone body is resilient. (AC +9)
You are immune to poison.
You resist negative energy. (rN+)
You are resistant to electric shocks. (rElec)
You can survive without breathing.
You are immune to petrification.
You are immune to rotting.
You occasionally shout uncontrollably at your foes.


Message History

The ynoxinul hits you but does no damage.
The shadow dragon bites you but does no damage.
The shadow dragon claws you but does no damage. x2
You hit the ynoxinul.
The ynoxinul is lightly wounded.
You carve the ufetubus like a ham!!!
You kill the ufetubus!
You hit the rust devil. You slice the shadow dragon!!
You completely miss the mummy priest.
The orange demon disappears in a puff of smoke!
The mummy priest hits you!
* * * LOW HITPOINT WARNING * * *
You slice the ynoxinul!!
The ynoxinul is almost dead.
You barely miss the mummy priest. You slash the shadow dragon!
You hit the rust devil but do no damage.
You barely miss the ball python zombie.
The shadow dragon breathes negative energy at you.
The bolt of negative energy hits you! You partially resist.
You feel drained.
You die...

........
.......
..... ....
#''#
#####4'#####
#..........#
#...§Z3M...#
+..#.)@D#..#
+.....4....#
#......(...#
#..#....#..#
+..........#
+..........#
#..#....#..#
#..........+
#..........+


You could see a shadow dragon, a mummy priest, a rust devil, a ynoxinul, a chaos
spawn and a ball python zombie.

Vanquished Creatures
  A bone dragon (D)
  A deep elf master archer (D)
  Gastronok (D)
  A nagaraja (D)
  A great orb of eyes (D)
  Harold (D)
  2 naga warriors (D)
  A catoblepas (D)
  A two-headed ogre (D)
  3 hell hogs (D)
  Urug (D)
  An unseen horror (D)
  An ugly thing (D)
  A black mamba (D)
  A molten gargoyle (D)
  A gargoyle (D)
  A spiny frog (D)
  A komodo dragon (D)
  A kobold demonologist (D)
  An ice devil (D)
  A red devil (D)
  A polar bear (D)
  A jumping spider (D)
  A hornet (D)
  Prince Ribbit (D)
  5 blink frogs (D)
  3 yaks (D)
  2 redbacks (D)
  A spriggan (D)
  A neqoxec (D)
  A hungry ghost (D)
  3 vampire mosquitoes (D)
  2 nagas (D)
  A floating eye (D)
  A porcupine (D)
  A sky beast (D)
  An orc warrior (D)
  3 swamp drakes (D)
  6 wolves (D)
  2 centaurs (D)
  A big kobold (D)
  3 killer bees (D)
  An iron imp (D)
  2 orc priests (D)
  2 orc wizards (D)
  A hell rat (D)
  A small abomination (D)
  A river rat (D)
  A white imp (D)
  2 oozes (D)
  An adder zombie (D)
  A leopard gecko (D)
  12 orcs (D)
  2 giant cockroaches (D)
  2 goblins (D)
  A hobgoblin (D)
  5 jackals (D)
  2 quokkas (D)
  A bat (D)
103 creatures vanquished.

Vanquished Creatures (collateral kills)
  2 hydras (D)
  Joseph (D)
  A jumping spider (D)
  A yak (D)
5 creatures vanquished.

Grand Total: 108 creatures vanquished

Notes
Turn   | Place    | Note
-------+----------+-------------------------------------------
     0 | D        | Fang the Gargoyle Berserker began the quest for the Orb.
     0 | D        | Reached XP level 1. HP: 14/14 MP: 1/1
    22 | D        | Reached ** piety under Trog
   175 | D        | Reached XP level 2. HP: 16/20 MP: 2/2
   279 | D        | Reached *** piety under Trog
   357 | D        | Reached XP level 3. HP: 13/25 MP: 3/3
   361 | D        | Reached **** piety under Trog
   361 | D        | Reached skill level 5 in Fighting
   361 | D        | Reached XP level 4. HP: 15/31 MP: 4/4
   362 | D        | Reached skill level 5 in Armour
   366 | D        | Reached ***** piety under Trog
   747 | D        | Noticed Prince Ribbit
   747 | D        | Noticed a porcupine
   749 | D        | Noticed a sky beast
   752 | D        | Killed a porcupine
   752 | D        | Reached skill level 5 in Axes
   752 | D        | Reached skill level 5 in Dodging
   752 | D        | Reached XP level 5. HP: 38/38 MP: 5/5
   758 | D        | Received a gift from Trog
   772 | D        | Killed a sky beast
   772 | D        | Reached XP level 6. HP: 30/44 MP: 6/6
   778 | D        | Killed Prince Ribbit
   778 | D        | Reached XP level 7. HP: 24/50 MP: 7/7
   897 | D        | Noticed a hungry ghost
   906 | D        | Killed a hungry ghost
   909 | D        | Noticed a seven-headed hydra
   916 | D        | Killed a seven-headed hydra
   916 | D        | Reached skill level 10 in Fighting
   916 | D        | Reached XP level 8. HP: 24/57 MP: 2/8
   932 | D        | Received a gift from Trog
   932 | D        | Reached skill level 10 in Armour
  1154 | D        | Noticed an ice devil
  1154 | D        | Noticed a spiny frog
  1159 | D        | Killed a spiny frog
  1165 | D        | Killed an ice devil
  1165 | D        | Reached ****** piety under Trog
  1165 | D        | Received a gift from Trog
  1165 | D        | Reached XP level 9. HP: 64/64 MP: 3/9
  1168 | D        | Got a smoking executioner's axe {god gift}
  1169 | D        | Identified the +11 executioner's axe of Sin {protect, rF+
                  | MR++ Dex+3} (Trog gifted it to you in the Dungeon)
  1268 | D        | Upgraded the game from 0.23.2-1-ga50397a to
                  | 0.23.2-11-gf996548
  1335 | D        | Noticed a polar bear
  1339 | D        | Killed a polar bear
  1339 | D        | Noticed a two-headed ogre
  1346 | D        | Killed a two-headed ogre
  1346 | D        | Reached skill level 10 in Axes
  1347 | D        | Noticed a jumping spider
  1347 | D        | Noticed a gargoyle
  1348 | D        | Killed a jumping spider
  1355 | D        | Killed a gargoyle
  1482 | D        | Reached XP level 10. HP: 72/72 MP: 10/10
  1484 | D        | Received a gift from Trog
  1595 | D        | Reached skill level 10 in Dodging
  1612 | D        | Received a gift from Trog
  1639 | D        | Noticed a black mamba
  1639 | D        | Noticed a kobold demonologist
  1646 | D        | Killed a black mamba
  1649 | D        | Killed a kobold demonologist
  1785 | D        | Killed an unseen horror
  1785 | D        | Received a gift from Trog
  1792 | D        | Noticed Harold
  1801 | D        | Killed Harold
  1801 | D        | Reached XP level 11. HP: 74/80 MP: 11/11
  1808 | D        | Noticed a hell hog
  1808 | D        | Noticed a hell hog
  1808 | D        | Noticed a hell hog
  1810 | D        | Killed a hell hog
  1817 | D        | Killed a hell hog
  1817 | D        | Killed a hell hog
  1817 | D        | Received a gift from Trog
  1819 | D        | Gained mutation: You occasionally shout uncontrollably at
                  | your foes. [a neqoxec]
  2041 | D        | Noticed a nagaraja
  2043 | D        | Noticed a seven-headed hydra
  2043 | D        | Noticed Joseph
  2043 | D        | Paralysed by a floating eye for 4 turns
  2052 | D        | Killed a nagaraja
  2052 | D        | Received a gift from Trog
  2052 | D        | Reached skill level 15 in Fighting
  2052 | D        | Reached skill level 15 in Armour
  2058 | D        | Killed a nine-headed hydra
  2058 | D        | Received a gift from Trog
  2060 | D        | Killed Joseph
  2264 | D        | Noticed a brown ugly thing
  2264 | D        | Noticed Gastronok
  2269 | D        | Killed a brown ugly thing
  2280 | D        | Killed Gastronok
  2280 | D        | Reached XP level 12. HP: 85/88 MP: 12/12
  2309 | D        | Received a gift from Trog
  2326 | D        | Noticed a catoblepas
  2332 | D        | Killed a catoblepas
  2347 | D        | Noticed a great orb of eyes
  2352 | D        | Killed a great orb of eyes
  2368 | D        | Noticed a naga warrior
  2368 | D        | Noticed a naga warrior
  2368 | D        | Noticed Urug
  2385 | D        | Killed Urug
  2385 | D        | Received a gift from Trog
  2388 | D        | Killed a naga warrior
  2391 | D        | Killed a naga warrior
  2709 | D        | Noticed a mummy priest
  2709 | D        | Noticed a bone dragon
  2709 | D        | Noticed a deep elf master archer
  2711 | D        | Noticed a shadow dragon
  2724 | D        | Killed a deep elf master archer
  2726 | D        | Killed a bone dragon
  2726 | D        | Reached skill level 15 in Axes
  2726 | D        | Reached XP level 13. HP: 25/96 MP: 13/13
  2730 | D        | HP: 5/144 [mummy priest (8)]
  2731 | D        | Killed from afar by a shadow dragon

Skill      XL: |  1  2  3  4  5  6  7  8  9 10 11 12 |
---------------+-------------------------------------+-----
Axes           | 3 4 5 6 7 8 9 10 12 13 15 | 15.2
Dodging        | 2 3 5 6 7 8 9 11 12 14 | 14.0
Armour         | 3 4 6 7 8 9 10 12 14 15 17 | 17.4
Fighting       | 4 5 7 8 10 11 12 14 16 17 | 17.6

Action                   |  1- 3 |  4- 6 |  7- 9 | 10-12 | 13-15 || total
-------------------------+-------+-------+-------+-------+-------++-------
Melee: Hand axe          |    37 |    31 |       |       |       ||    68
       Broad axe         |       |       |    30 |       |       ||    30
       Battleaxe         |       |       |     9 |       |       ||     9
       Executioner's axe |       |       |    18 |   136 |     4 ||   158
Invok: Berserk           |     1 |     1 |     1 |     4 |       ||     7
       Brothers in Arms  |       |       |     1 |     1 |       ||     2
 Stab: Confused          |       |       |       |     2 |       ||     2
       Distracted        |       |       |       |     1 |       ||     1
  Eat: Chunk             |       |       |     8 |     7 |       ||    15
Armor: Animal skin       |    14 |     1 |       |       |       ||    15
       Plate armour      |       |    11 |    61 |   145 |    16 ||   233
Dodge: Dodged            |    23 |    10 |    39 |   161 |    12 ||   245
